 Dungeon Sprint DCSS version 0.30-a0-852-g08b95dd62f (webtiles) character file.

Game seed: 9256343496124958888

1207 dialectric the Protected (level 8, -9/58 HPs)
             Began as a Gargoyle Fighter on Mar 5, 2023.
             Was a Follower of Trog.
             Mangled by a wyvern (10 damage)
             ... in the Dungeon (Sprint II: "The Violet Keep of Menkaure").
             The game lasted 00:02:08 (391 turns).

dialectric the Protected (Gargoyle Fighter)          Turns: 391, Time: 00:02:09

Health: -9/58      AC: 14    Str: 20    XL:     8   Next: 45%
Magic:  8/8        EV: 11    Int:  9    God:    Trog [*.....]
Gold:   609        SH:  0    Dex: 11    Spells: 7/7 levels left

rFire   . . .      SeeInvis .    a - +0 long sword
rCold   . . .      Faith    .    (no shield)
rNeg    + . .      Spirit   .    b - +0 scale mail
rPois   ∞          Reflect  .    (no helmet)
rElec   +          Rampage  .    (no cloak)
rCorr   .          NoTele   +    (no gloves)
Will    .....                    (no boots) Stlth
                                 (no amulet)
HPRegen 0.29/turn                (no ring)
MPRegen 0.11/turn                (no ring)

@: no status effects
A: sickness immunity, AC +5, negative energy resistance 1, electricity
resistance, torment resistance 1, petrification resistance
a: Renounce Religion, Berserk


You were in the Dungeon.
You worshipped Trog.
Trog was aware of your devotion.
You visited 1 branch You collected 609 gold pieces.

Inventory:

Hand Weapons
 a - a +0 long sword (weapon)
Armour
 b - a +0 scale mail (worn)
 c - a +0 buckler
 k - a +0 cloak
 n - a +0 helmet
Jewellery
 p - an amulet of regeneration
Scrolls
 f - a scroll of silence {unknown}
 l - a scroll of fear {unknown}
 o - 5 scrolls of identify {unknown}
 s - 2 scrolls of immolation {unknown}
 u - a scroll of amnesia {unknown}
 v - a scroll of brand weapon {unknown}
 w - a scroll of enchant weapon {unknown}
 y - a scroll of poison {unknown}
Potions
 d - 4 potions of mutation {unknown}
 e - 4 potions of flight
 h - 5 potions of magic
 j - 3 potions of resistance {unknown}
 m - a potion of heal wounds
 q - 2 potions of might
 r - a potion of ambrosia {unknown}
 t - a potion of brilliance {unknown}


   Skills:
 + Level 10.5 Fighting
 * Level 11.0 Long Blades
 + Level 11.1 Armour
 - Level 3.0 Dodging
 - Level 3.2 Shields


You had 7 spell levels left.
You didn't know any spells.
Your spell library was empty.

Dungeon Overview and Level Annotations

Branches:
Dungeon (1/1)

Altars:
Cheibriados
Dithmenos
Elyvilon
Fedhas
Gozag
Hepliaklqana
Kikubaaqudgha
Makhleb
Nemelex Xobeh
Okawaru
Qazlal
Ru
Sif Muna
Trog
Uskayaw
Vehumet
Wu Jian
Xom
Yredelemnul
Zin
The Shining One
Jiyva
Lugonu

Shops:
D ![=*

Annotations:
D exclusion: obsidian statue


Innate Abilities, Weirdness & Mutations

You are immune to sickness and miasma.
Your stone body is resilient. (AC +5)
You are immune to poison.
You resist negative energy. (rN+)
You are resistant to electric shocks. (rElec)
You are resistant to unholy torment.
You are immune to petrification.


Message History

The wyvern bites you!
You closely miss the wyvern. Your punch misses the wyvern.
The wyvern is lightly wounded.
The wyvern bites you!
You slash the wyvern!
The wyvern is heavily wounded.
The wyvern barely misses you.
You hit the wyvern but do no damage.
The wyvern is heavily wounded.
The wyvern bites you. The wyvern closely misses you.
You hit the wyvern but do no damage.
The wyvern is heavily wounded.
The wyvern barely misses you.
You hit the wyvern.
The wyvern is heavily wounded.
The wyvern completely misses you.
You slash the wyvern!
The wyvern is almost dead.
The wyvern closely misses you. The wyvern bites you.
You closely miss the wyvern.
The wyvern is severely wounded.
The wyvern barely misses you.
You hit the wyvern.
The wyvern is almost dead.
You recover from your berserk rage.
The wyvern misses you.
You closely miss the wyvern.
The wyvern is almost dead.
The wyvern bites you!
* * * LOW HITPOINT WARNING * * *
You hit the wyvern but do no damage.
The wyvern is almost dead.
The wyvern bites you!
* * * LOW HITPOINT WARNING * * *
The wyvern bites you.
* * * LOW HITPOINT WARNING * * *
You hit the wyvern but do no damage.
The wyvern is almost dead.
The wyvern bites you!
You die...

###~~~.........# #
.∩#~~~~.##'##..# #
∩.#~~~~##..###.####
+.##.#
.∩#~~~~#..##.#..S.#
...##
∩.#~~####†#.####..##
#..# ..#~##.###'#
.##..# +..#
..#~#...##.##B..#.h#
#..# ..+ +.##÷.<.+#
+..####..##
#...##@##B.$#....###...
##.###l# .##...§.h~h~~
### .#l #~~§....~#'# .#
#.#~~~~~§~..~#.. ##
##~~§§~~§~.~#._
#~~~§§≈§~~~~#_.
~~~~§~§≈≈≈~~~#._
+++#~§§≈≈≈≈≈~#..
##§§≈###§§#..


You could see 2 wyverns.

Vanquished Creatures
  2 polar bears (D)
  Menkaure (D)
  5 water moccasins (D)
  4 necrophages (D)
  3 worms (D)
15 creatures vanquished.

Vanquished Creatures (others)
  8 tentacles (D)
8 creatures vanquished.

Grand Total: 23 creatures vanquished

Notes
Turn   | Place    | Note
-------+----------+-------------------------------------------
     0 | D        | dialectric the Gargoyle Fighter began the quest for the
                  | Orb.
     0 | D        | Reached XP level 1. HP: 14/14 MP: 1/1
     8 | D        | Noticed a necrophage
     8 | D        | Noticed a necrophage
     8 | D        | Noticed a necrophage
     8 | D        | Noticed a necrophage
    17 | D        | Killed a necrophage
    18 | D        | Reached skill level 5 in Fighting
    18 | D        | Reached skill level 5 in Armour
    18 | D        | Reached XP level 2. HP: 18/21 MP: 2/2
    18 | D        | Reached XP level 3. HP: 23/26 MP: 3/3
    18 | D        | Reached XP level 4. HP: 27/31 MP: 4/4
    22 | D        | Killed a necrophage
    23 | D        | Reached XP level 5. HP: 24/37 MP: 5/5
    33 | D        | Reached skill level 5 in Long Blades
    44 | D        | Reached XP level 6. HP: 26/44 MP: 6/6
    46 | D        | Noticed a boulder beetle
    46 | D        | Noticed a boulder beetle
    64 | D        | Noticed an obsidian statue
    66 | D        | Noticed a water moccasin
    75 | D        | Killed a water moccasin
    76 | D        | Found Uxzez's Jewellery Shoppe.
    76 | D        | Found Cisomm's General Store.
    77 | D        | Found Bukuust's Distillery.
    77 | D        | Found Teoviger's Antique Armour Emporium.
    87 | D        | Noticed Menkaure
    95 | D        | Killed Menkaure
    98 | D        | Noticed a water moccasin
    99 | D        | Found a hazy altar of Hepliaklqana.
    99 | D        | Found a snail-covered altar of Cheibriados.
   100 | D        | Found a stormy altar of Qazlal.
   100 | D        | Found a viscous altar of Jiyva.
   100 | D        | Found a shadowy altar of Dithmenos.
   101 | D        | Found a sacrificial altar of Ru.
   101 | D        | Found an ancient bone altar of Kikubaaqudgha.
   101 | D        | Found a white marble altar of Elyvilon.
   112 | D        | Killed a water moccasin
   113 | D        | Reached XP level 7. HP: 43/51 MP: 7/7
   113 | D        | Found an ornate altar of the Wu Jian Council.
   113 | D        | Found a shimmering blue altar of Sif Muna.
   113 | D        | Found a corrupted altar of Lugonu.
   114 | D        | Found a shimmering altar of Xom.
   114 | D        | Found a bloodstained altar of Trog.
   114 | D        | Found a burning altar of Makhleb.
   115 | D        | Found a glowing golden altar of the Shining One.
   115 | D        | Found a basalt altar of Yredelemnul.
   115 | D        | Found a hide-covered altar of Uskayaw.
   117 | D        | Found a glowing silver altar of Zin.
   117 | D        | Found a radiant altar of Vehumet.
   117 | D        | Found a blossoming altar of Fedhas.
   117 | D        | Found a sparkling altar of Nemelex Xobeh.
   118 | D        | Found an opulent altar of Gozag.
   118 | D        | Found an iron altar of Okawaru.
   125 | D        | Became a worshipper of Trog the Wrathful
   138 | D        | Noticed a kraken
   272 | D        | Noticed a yaktaur
   272 | D        | Noticed a hornet
   272 | D        | Noticed a polar bear
   273 | D        | Noticed a polar bear
   273 | D        | Noticed a polar bear
   305 | D        | Reached skill level 10 in Armour
   321 | D        | Reached * piety under Trog
   322 | D        | Reached skill level 10 in Fighting
   339 | D        | Killed a polar bear
   340 | D        | Reached skill level 10 in Long Blades
   340 | D        | Reached XP level 8. HP: 54/57 MP: 8/8
   347 | D        | Killed a polar bear
   377 | D        | Noticed a wyvern
   377 | D        | Noticed a wyvern
   390 | D        | HP: 1/58 [wyvern (6)]
   391 | D        | Mangled by a wyvern

Illustrated notes

Levels and vault maps discovered:
D:        the_violet_keep_of_menkaure [sprint2_stairs_cluster_1,
          sprint2_shoproom, sprint2_temple, sprint2_basic_supplies,
          sprint2_obstacle_1, sprint2_obstacle_2, sprint2_obstacle_3,
          sprint2_obstacle_7, sprint2_obstacle_4, sprint2_timed_cluster_1,
          sprint2_smallroom_cluster_1, sprint2_smallroom_final_cluster_1,
          sprint2_transparent_cluster_1, sprint2_second_timed_cluster_1,
          sprint2_sniper_area_1, sprint2_heavy_combat_area_1,
          sprint2_mutation_trap_area_1, sprint2_forest_area_1,
          sprint2_light_combat_area_1, sprint2_behind_water_1,
          sprint2_near_end_vault_1]

Skill      XL: |  1  2  3  4  5  6  7  8 |
---------------+-------------------------+-----
Fighting       | 5 6 7 9 10 | 10.5
Long Blades    | 3 4 5 8 10 11 | 11.0
Armour         | 5 6 8 9 10 11 | 11.1
Dodging        | 3 |  3.0
Shields        | |  3.2

Action                     |  1- 3 |  4- 6 |  7- 9 || total
---------------------------+-------+-------+-------++-------
  Melee: Long sword        |     8 |    55 |    61 ||   124
         Punch             |       |     1 |       ||     1
    Use: Potion            |     1 |     2 |     6 ||     9
         Scroll            |       |       |     1 ||     1
 Armour: Scale mail        |     5 |    20 |    37 ||    62
  Dodge: Dodged            |     1 |    28 |    48 ||    77

Table legend: (Time is in decaauts)
 A = Elapsed time spent in this place.
 B = Non-inter-level travel time spent in this place.
 C = Inter-level travel time spent in this place.
 D = Time resting spent in this place.
 E = Time spent auto-exploring this place.
 F = Levels seen in this place.
 G = Mean time per level.
                   A        B        C        D        E       F      G
               +--------+--------+--------+--------+--------+-----+--------+
         Total |    394 |    394 |      0 |     19 |      0 |   1 |  394.0 |
       Dungeon |    394 |    394 |      0 |     19 |      0 |   1 |  394.0 |
               +--------+--------+--------+--------+--------+-----+--------+

Top non-repeatable levels by time:
       D: 394 daAuts
